 Dungeon Crawl Stone Soup version 0.30.1-3-gfc49f6343a (webtiles) character file.

Game seed: 12548875045526883246

5 Destapler the Sneak (level 1, -3/15 HPs)
             Began as a Naga Air Elementalist on July 21, 2023.
             Slain by a quokka (4 damage)
             ... on level 1 of the Dungeon.
             The game lasted 00:01:56 (190 turns).

Destapler the Sneak (Naga Air Elementalist)          Turns: 190, Time: 00:01:57

Health: -3/15      AC:  1    Str: 10    XL:     1   Next: 80%
Magic:  0/3        EV: 10    Int: 15    God:
Gold:   21         SH:  0    Dex: 11    Spells: 3/4 levels left

rFire   . . .        e - +0 dagger
rCold   . . .        (no shield)
rNeg    . . .        a - +0 robe
rPois   +            (no helmet)
rElec   .            (no cloak)
rCorr   .            (no gloves)
SInv    +            (no barding)
Will    .....        (no amulet)
Stlth   ++           (no ring)
HPRegen 0.22/turn    (no ring)
MPRegen 0.08/turn

%: no passive effects
@: very slow
A: AC +0, large, see invisible, deformed body, poison resistance, slowness 2,
spit poison 1, naga tail 1
a: Spit Poison


You were on level 1 of the Dungeon.
You visited 1 branch of the dungeon, and saw 1 of its levels.

You collected 21 gold pieces.

Inventory:

Hand Weapons
 e - a +0 dagger (weapon)
Missiles
 g - 3 curare-tipped darts
Armour
 a - a +0 robe (worn)
Scrolls
 c - a scroll of teleportation {unknown}
 d - a scroll of poison {unknown}
Potions
 b - a potion of magic
 f - a potion of berserk rage {unknown}


   Skills:
 + Level 1.7 Dodging
 + Level 3.2 Stealth
 + Level 2.1 Spellcasting
 + Level 1.2 Conjurations
 - Level 3.0 Air Magic


You had 3 spell levels left.
You knew the following spells:

 Your Spells              Type           Power      Damage    Failure   Level
a - Shock                 Conj/Air       28%        1d4       10%         1

Your spell library contained the following spells:

 Spells                   Type           Power      Damage    Failure   Level
 Static Discharge         Conj/Air       14%        2-3/arc   14%         2
 Swiftness                Air            10%        N/A       19%         3
 Airstrike                Air            5%         2d(1-17)  54%         4


Dungeon Overview and Level Annotations

Branches:
Dungeon (1/15)

Altars:


Innate Abilities, Weirdness & Mutations

Your serpentine skin is tough. (AC +0)
You have supernaturally acute eyesight. (SInv)
Armour fits poorly on your strangely shaped body.
Your system is resistant to poisons. (rPois)
You cover ground very slowly.
You can spit poison.
You have a snake-like lower body.


Message History

The quokka is almost dead.
The quokka bites you.
* * * LOW HITPOINT WARNING * * *
The splash of poison misses the quokka.
The quokka barely misses you.
You hit the quokka but do no damage.
The quokka is almost dead.
The quokka barely misses you.
You barely miss the quokka.
The quokka is almost dead.
The quokka barely misses you. x2
Casting: Shock (safe; 10% risk of failure)
Confirm with . or Enter, or press ? or * to list all spells.
Aiming: Shock (safe; 10% risk of failure)
Press: ? - help, Shift-Dir - straight line, f/p - quokka
Aim: a quokka (almost dead, 56% to hit)
The zap misses the quokka.
The quokka bites you.
* * * LOW HITPOINT WARNING * * *
You can't do that yet.
You miss the quokka.
The quokka is almost dead.
You have got your breath back.
The quokka bites you.
* * * LOW HITPOINT WARNING * * *
You closely miss the quokka.
The quokka is almost dead.
The quokka closely misses you.
You closely miss the quokka.
The quokka is almost dead.
The quokka barely misses you.
You miss the quokka.
The quokka is almost dead.
The quokka bites you.
* * * LOW HITPOINT WARNING * * *
The quokka misses you.
You are too injured to fight recklessly!
You are too injured to fight recklessly!
You hit the quokka but do no damage.
The quokka is almost dead.
The quokka bites you.
You die...

#...# #.##...# .##.
#...# .
#..#####..#..
#...##
..##.......##..
##...#
...####.####...
#...#
#....##'##....#
#...##
#...........##
#....##
###.......###
#.....#############
#....@...#
#.....r......
#.#.#.#....##
#........?...
#.###.#....## #.
.....### # ... ..
#.# ..


You could see a quokka.

Vanquished Creatures
  An endoplasm (D:1)
  2 goblins (D:1)
  A ball python (D:1)
  A rat (D:1)
5 creatures vanquished.

Notes
Turn   | Place    | Note
-------+----------+-------------------------------------------
     0 | D:1      | Destapler the Naga Air Elementalist began the quest for the
                  | Orb.
     0 | D:1      | Reached XP level 1. HP: 15/15 MP: 3/3
   190 | D:1      | Slain by a quokka

Illustrated notes

Levels and vault maps discovered:
D:1:      dpeg_arrival_concentric_ovals, layout_rooms,
          shapermc_ecumenical_altar_gd

Action                     || total
---------------------------++-------
  Melee: Dagger            ||    13
         Unarmed           ||     6
   Cast: Shock             ||     8
Ability: Spit Poison       ||     4
   Stab: Sleeping          ||     1
 Armour: Robe              ||     3
  Dodge: Dodged            ||    10
